 Dungeon Crawl Stone Soup version 0.23-a0-183-gf37f6fb (webtiles) character file.

16 Amnesiac the Skirmisher (level 2, -1/24 HPs)
             Began as a Mummy Wanderer on Sept 23, 2018.
             Slain by a worm (10 damage)
             ... on level 2 of the Dungeon.
             The game lasted 00:02:11 (275 turns).

Amnesiac the Skirmisher (Mummy Wanderer)             Turns: 275, Time: 00:02:12

Health: -1/24      AC:  2    Str: 13    XL:     2   Next: 41%
Magic:  5/5        EV: 11    Int: 14    God:
Gold:   16         SH:  0    Dex: 10    Spells: 6/6 levels left

rFire    x . .     SeeInvis .   h - +2 dagger (speed)
rCold    + . .     Gourm    .   (no shield)
rNeg     + + +     Faith    .   e - +0 robe
rPois    ∞         Spirit   .   (no helmet)
rElec    .         Reflect  .   (no cloak)
rCorr    .         Harm     .   (no gloves)
MR       .....                  (no boots)
Stlth    +.........             c - amulet of magic regeneration
HPRegen  0.08/turn              (no ring)
MPRegen  0.34/turn              (no ring)

@: no status effects
A: no food or potions, fire vulnerability, cold resistance 1, negative energy
resistance 3, torment resistance, unbreathing
a: no special abilities


You were on level 2 of the Dungeon.
You were not hungry.

You visited 1 branch of the dungeon, and saw 2 of its levels.

You collected 16 gold pieces.

Inventory:

Hand Weapons
 a - a +2 dagger
 h - a +2 dagger of speed (weapon)
Armour
 e - a +0 robe (worn)
Jewellery
 c - an amulet of magic regeneration (around neck)
Scrolls
 b - a scroll of fear {!r}
 d - a scroll of teleportation {!r}
 f - a scroll of remove curse {!r, unknown}
 g - 3 scrolls of identify {!r, unknown}


   Skills:
 - Level 3.0 Fighting
   Level 1.5 Crossbows
 - Level 2.4 Armour
 - Level 1.0 Stealth
   Level 1.0 Shields
 + Level 2.6 Spellcasting


You had 6 spell levels left.
You didn't know any spells.
Your spell library was empty.

Dungeon Overview and Level Annotations

Branches:
Dungeon (2/15)

Altars:
Ashenzari


Innate Abilities, Weirdness & Mutations

You do not eat or drink.
Your flesh is vulnerable to fire.
You are immune to poison.
Your flesh is cold resistant. (rC+)
You are immune to negative energy. (rN+++)
You are immune to unholy pain and torment.
You can survive without breathing.


Message History

You barely miss the kobold. The kobold hits you but does no damage.
The kobold barely misses you. The kobold misses you.
Press: ? - help, v - describe, . - travel
Here: a goblin, wielding a dagger of speed The floor.
You hit the kobold but do no damage. You hit the kobold.
The kobold is moderately wounded.
The kobold misses you.
You hit the kobold.
The kobold is heavily wounded.
The kobold barely misses you.
You barely miss the kobold.
The kobold is heavily wounded.
The kobold closely misses you.
You barely miss the kobold.
The kobold is heavily wounded.
The kobold hits you.
You closely miss the kobold.
The kobold is heavily wounded.
The kobold misses you.
You hit the kobold.
The kobold is severely wounded.
The kobold hits you.
You barely miss the kobold.
The kobold is severely wounded.
The kobold barely misses you.
You hit the kobold.
You kill the kobold!
You hit the giant cockroach.
The giant cockroach is almost dead.
The giant cockroach bites you. The giant cockroach barely misses you.
You hit the giant cockroach.
You kill the giant cockroach!
You hit the goblin.
You kill the goblin!
You hit the rat.
You kill the rat!
Items here: ) ††† a dagger of speed; a goblin corpse; a giant cockroach corpse; a kobold corpse
h - a dagger of speed The worm bites you.
Wield which item (- for none, * to show all)? (? for menu, Esc to quit)
Your hands tingle!
h - a +2 dagger of speed (weapon)
You hit the worm.
The worm is lightly wounded.
You barely miss the worm.
The worm is lightly wounded.
The worm bites you.
You hit the worm but do no damage. You hit the worm.
The worm is moderately wounded.
The worm bites you.
* * * LOW HITPOINT WARNING * * *
You hit the worm but do no damage.
The worm is lightly wounded.
You hit the worm.
The worm is moderately wounded.
You barely miss the worm.
The worm is moderately wounded.
The worm bites you!
You die...

####......#.......# #..
#.....##.##.......##.#...
#.##...............#..... #
#.....#⌠...+##†⌠#...
#####.####....###.#
#....#...#....# # ###
###..#...#....##.#
..#####..#####.....#.## .
#.#..w@...............#
#?.###.#.######.........#.!#
.........# #........## .
........## #.#<...<##
..$.≈≈..# #............#
...≈..≈.# #.###.#####..#
≈..≈..≈≈≈ #. #.# # .≈..≈..≈≈
. #. .≈⌠.≈...≈≈ #.


You could see a worm.

Vanquished Creatures
  An adder (D:2)
  A giant cockroach (D:2)
  A goblin (D:2)
  A hobgoblin (D:2)
  2 kobolds
  2 rats (D:2)
8 creatures vanquished.

Notes
Turn   | Place    | Note
-------+----------+-------------------------------------------
     0 | D:1      | Amnesiac the Mummy Wanderer began the quest for the Orb.
     0 | D:1      | Amnesiac set off with: a +2 dagger, a scroll of fear {!r},
                  | a +0 mace, a scroll of teleportation {!r}, a +0 robe
     0 | D:1      | Reached XP level 1. HP: 18/18 MP: 1/1
    41 | D:2      | Found a shattered altar of Ashenzari.
    60 | D:2      | Reached XP level 2. HP: 8/24 MP: 1/5
   275 | D:2      | Slain by a worm

Vault maps used:
D:1:      dpeg_arrival_shrine
D:2:      cheibrodos_helix_gallery, minmay_misc_feat_tiny,
          evilmike_ruin_ashenzari

Skill      XL: |  1 |
---------------+----+-----
Spellcasting   | 2 |  2.6
Fighting       | |  3.0
Crossbows      | |  1.5
Armour         | |  2.4
Stealth        | |  1.0
Shields        | |  1.0

Action                   || total
-------------------------++-------
Melee: Dagger            ||    38
 Stab: Sleeping          ||     1
Armor: Robe              ||     4
Dodge: Dodged            ||    16

Table legend:
 A = Non-vault XP
 B = Vault XP
 C = Vault XP percentage of total XP
 D = Non-vault monster count
 E = Vault monster count
 F = Vault count percentage of total count
                 A         B        C        D         E       F
            +---------+---------+-------+---------+---------+-------
      Total |      21 |       3 |  12.5 |       6 |       2 |  25.0
            +---------+---------+-------+---------+---------+-------
        D:1 |       1 |       0 |   0.0 |       1 |       0 |   0.0
        D:2 |      20 |       3 |  13.0 |       5 |       2 |  28.6
            +---------+---------+-------+---------+---------+-------
